Map: Cerulean Fall LE

Players

Lambo - Winner!

  • Race: Zerg Zerg
  • League: Master
  • Spawn Location: 7:00

Clem

  • Race: Terran Terran
  • League: Master
  • Spawn Location: 1:00

Event: HomeStory Cup XVIII

VOD

Have the link to the VOD?

Description

Time

  • Played on: Nov. 23, 2018, 11:51 a.m.
  • Length: 14:10

All games in this series

Show
View Real Time Build Order
Export as new Build Order

Lambo Zerg - Winner!

Build Orders: Hatch First 

Get SALT Encoding   

  12  0:01  Drone  
  13  0:12  Overlord  
  13  0:17  Drone  
  14  0:30  Drone  
  14  0:31  Drone  
  16  0:49  Hatchery  
  15  0:51  Drone  
  15  0:55  Drone  
  17  0:58  Drone  
  18  1:08  Extractor  
  17  1:13  Spawning Pool  
  17  1:16  Drone  
  17  1:20  Drone  
  18  1:28  Drone  
  19  1:38  Drone  
  20  1:49  Overlord  
  20  2:00  Queen x2  
  25  2:01  Zergling x4  
  26  2:09  Metabolic Boost  
  26  2:11  Drone  
  26  2:12  Drone  
  28  2:28  Drone x2  
  29  2:37  Hatchery  
  29  2:41  Drone  
  29  2:45  Queen  
  29  2:50  Overlord  
  31  2:53  Drone  
  31  2:58  Drone x2  
  34  3:02  Drone  
  35  3:09  Drone x3  
  38  3:13  Drone  
  38  3:16  Overlord  
  38  3:19  Drone  
  40  3:24  Queen  
  40  3:26  Drone  
  43  3:34  Queen  
  43  3:35  Overlord  
  43  3:38  Drone x2  
  47  3:44  Drone x2  
  47  3:46  Zergling x2  
  47  3:47  Zergling x2  
  51  3:50  Queen  
  51  3:55  Drone  
  54  3:58  Zergling x8  
  54  4:02  Overlord  
  58  4:06  Drone, Overlord  
  58  4:09  Drone  
  60  4:15  Drone x2  
  62  4:17  Overlord  
  62  4:21  Lair  
  62  4:23  Baneling Nest  
  62  4:24  Drone x2  
  62  4:28  Drone x2  
  62  4:31  Extractor  
  64  4:33  Extractor  
  64  4:35  Zergling x8  
  64  4:37  Zergling x4  
  69  4:42  Zergling x2  
  69  4:50  Zergling x12  
  71  4:54  Zergling x2  
  71  4:57  Zergling x2  
  66  5:03  Zergling x2  
  66  5:04  Zergling x6  
  66  5:08  Zergling x2, Baneling  
  66  5:09  Baneling  
  66  5:11  Baneling x2  
  66  5:13  Zergling x4  
  69  5:15  Spore Crawler  
  69  5:19  Queen x2  
  64  5:24  Drone  
  64  5:28  Drone  
  61  5:35  Drone x4  
  64  5:42  Drone  
  64  5:43  Drone  
  64  5:47  Drone  
  64  5:48  Drone, Evolution Chamber  
  66  5:52  Evolution Chamber  
  66  5:54  Drone x2  
  67  6:00  Drone  
  68  6:06  Drone x2, Centrifical Hooks  
  68  6:08  Extractor  
  68  6:10  Drone  
  70  6:14  Hatchery  
  70  6:15  Drone x4  
  70  6:17  Zerg Ground Armor Level 1, Zerg Melee Weapons Level 1  
  73  6:28  Overlord  
  73  6:31  Extractor  
  73  6:32  Overlord  
  72  6:33  Overlord  
  72  6:34  Hydralisk Den  
  71  6:41  Drone x2  
  70  6:48  Drone x7  
  70  6:50  Drone x2  
  74  6:55  Drone  
  74  6:58  Drone  
  75  7:02  Drone x4  
  75  7:06  Drone x4  
  83  7:12  Drone  
  83  7:13  Drone x2  
  86  7:18  Extractor  
  86  7:19  Hydralisk x4  
  86  7:21  Baneling x6  
  93  7:28  Zergling x6  
  93  7:29  Grooved Spines  
  96  7:33  Overlord  
  96  7:34  Queen  
  96  7:35  Overlord  
  96  7:36  Zergling x6  
  101  7:41  Baneling x2  
  101  7:43  Overseer  
  101  7:47  Overlord, Zergling x4  
  101  7:50  Overlord  
  103  7:52  Overlord  
  103  7:53  Overlord  
  103  7:55  Overlord  
  103  7:57  Overlord x2  
  103  7:58  Overlord  
  103  7:59  Overlord  
  102  8:08  Zergling x18  
  102  8:11  Drone  
  111  8:14  Infestation Pit  
  111  8:15  Drone x3  
  112  8:24  Zerg Ground Armor Level 2  
  112  8:25  Zerg Missile Weapons Level 1  
  112  8:26  Drone x3  
  113  8:31  Zergling x10  
  113  8:33  Baneling x2  
  118  8:35  Zergling x2  
  118  8:36  Zergling x4  
  118  8:37  Drone x2  
  123  8:42  Baneling x2  
  123  8:43  Hydralisk x2  
  127  8:52  Hydralisk x4  
  127  8:53  Zergling x2  
  129  9:00  Zergling x14  
  129  9:03  Hive  
  129  9:06  Hydralisk  
  129  9:07  Zergling x4  
  133  9:14  Hatchery  
  132  9:19  Extractor, Overlord  
  132  9:20  Baneling x2  
  132  9:21  Drone  
  132  9:22  Drone x2  
  132  9:23  Muscular Augments  
  133  9:31  Hydralisk  
  133  9:32  Zergling x18  
  133  9:36  Zergling x2  
  133  9:38  Zergling x6  
  134  9:47  Hydralisk x4  
  128  9:53  Drone x7  
  128  9:55  Drone x2  
  128  9:58  Drone x2  
  139  10:08  Drone x5  
  139  10:09  Drone x2  
  145  10:14  Hydralisk x3  
  145  10:17  Adrenal Glands  
  151  10:21  Zerg Melee Weapons Level 2  
  151  10:25  Viper x2  
  157  10:28  Viper  
  157  10:29  Viper  
  157  10:30  Pneumatized Carapace  
  163  10:36  Baneling  
  163  10:37  Baneling x3  
  163  10:40  Hydralisk x5  
  173  10:47  Zergling x10  
  177  10:51  Baneling x7  
  177  10:52  Zergling x8  
  177  10:56  Zergling x10  
  177  10:57  Zergling x2  
  184  11:03  Hydralisk  
  184  11:04  Zergling x14  
  184  11:08  Zergling x6  
  182  11:13  Overseer  
  182  11:14  Hydralisk x2  
  171  11:20  Hydralisk x4  
  171  11:21  Zergling x2  
  173  11:30  Hydralisk x5  
  161  11:36  Hydralisk x2  
  161  11:37  Zergling x4  
  167  11:42  Drone x2  
  167  11:43  Drone x4  
  173  11:48  Baneling x7  
  173  11:50  Queen  
  173  11:53  Drone  
  176  11:54  Spore Crawler  
  176  12:01  Baneling x7  
  175  12:03  Drone x4  
  175  12:04  Drone  
  175  12:07  Lair  
  180  12:12  Zergling x14  
  185  12:16  Baneling x3  
  183  12:23  Zergling x10  
  183  12:26  Hydralisk  
  183  12:27  Hydralisk  
  188  12:31  Zergling x18  
  194  12:40  Zergling x2  
  194  12:41  Zergling x12  
  194  12:43  Unknown  
  197  12:45  Overseer  
  197  12:51  Hatchery  
  197  12:54  Queen  
  197  12:56  Zergling x4  
  200  13:02  Zergling x14  
  199  13:07  Baneling x9  
  190  13:24  Zergling x10  
  190  13:26  Zergling x14  
  189  13:32  Zergling x14  
  185  13:40  Zergling x4  
  177  13:42  Baneling x14  
  177  13:47  Zergling x10  
  182  13:51  Zergling x4  
Show
View Real Time Build Order
Export as new Build Order

Clem Terran 

Build Orders: Gas First Reaper Expand, Liberator Opening, Reaper Expand 

Get SALT Encoding   

  12  0:01  SCV  
  13  0:13  SCV  
  14  0:17  Supply Depot  
  14  0:25  SCV  
  14  0:28  Refinery  
  15  0:39  SCV  
  15  0:41  Barracks  
  16  0:45  Refinery  
  16  0:51  SCV  
  17  1:03  SCV  
  18  1:15  SCV  
  19  1:29  Reaper, Orbital Command  
  20  1:43  Command Center  
  20  1:50  Supply Depot  
  20  1:54  SCV  
  20  2:01  Marine  
  22  2:06  Factory  
  22  2:10  SCV  
  22  2:14  Refinery  
  25  2:22  SCV  
  25  2:25  Barracks Reactor  
  24  2:35  SCV  
  25  2:47  SCV  
  26  2:52  Starport  
  26  2:56  Orbital Command  
  26  2:59  SCV  
  26  3:05  Hellion x2  
  31  3:10  Marine  
  31  3:11  SCV  
  33  3:21  Supply Depot  
  33  3:22  SCV  
  33  3:23  SCV  
  35  3:27  Hellion  
  35  3:28  Hellion  
  35  3:31  Marine, Medivac  
  42  3:37  Armory  
  42  3:40  SCV  
  43  3:42  SCV  
  43  3:47  Supply Depot  
  44  3:50  Barracks Tech Lab  
  44  3:51  Liberator  
  44  3:54  Hellion x2  
  48  3:57  SCV x2  
  50  4:09  SCV x2  
  55  4:12  Supply Depot  
  55  4:16  Hellion  
  57  4:18  Hellion  
  59  4:26  Stimpack  
  59  4:29  SCV  
  60  4:34  SCV  
  60  4:36  Marine  
  62  4:41  Hellion x2  
  62  4:42  SCV  
  67  4:47  Supply Depot  
  67  4:50  SCV  
  67  4:51  Liberator  
  67  4:54  SCV  
  68  5:02  Marine, SCV  
  68  5:06  SCV  
  69  5:09  Command Center  
  72  5:14  Supply Depot, SCV  
  72  5:18  SCV  
  66  5:22  Hellion x2  
  66  5:25  Marine  
  66  5:26  SCV  
  69  5:30  SCV  
  59  5:37  Engineering Bay  
  59  5:38  Engineering Bay, SCV  
  59  5:42  SCV  
  60  5:43  Marine  
  60  5:46  Barracks  
  60  5:47  Barracks  
  60  5:48  Refinery  
  60  5:49  Refinery  
  61  5:50  Hellion  
  61  5:54  Hellion  
  65  6:00  Marine  
  65  6:01  Supply Depot, Starport Reactor  
  65  6:02  SCV x2  
  68  6:10  Terran Infantry Weapons Level 1, Terran Infantry Armor Level 1  
  68  6:14  SCV  
  68  6:16  SCV  
  70  6:18  Marine  
  70  6:22  Orbital Command  
  70  6:23  Factory Reactor  
  71  6:31  SCV x2  
  73  6:37  Combat Shield  
  73  6:38  Barracks Reactor  
  73  6:41  Marine  
  73  6:43  SCV x2  
  76  6:51  Marine x2  
  76  6:53  Orbital Command  
  71  6:55  SCV x2  
  71  6:59  Marine  
  71  7:01  Supply Depot, Widow Mine x2, Barracks  
  74  7:02  Medivac, Barracks  
  74  7:03  Medivac  
  74  7:08  Supply Depot  
  78  7:09  Marine  
  78  7:10  Supply Depot, SCV  
  78  7:13  Marine  
  81  7:17  Marine  
  81  7:20  Marine  
  83  7:23  SCV  
  83  7:27  Marine x2  
  90  7:30  Widow Mine x2  
  90  7:31  Marine  
  90  7:35  Supply Depot x2, SCV x2  
  90  7:36  Supply Depot  
  90  7:37  SCV  
  94  7:39  Medivac  
  96  7:44  Marine, Medivac  
  96  7:45  Marine  
  96  7:50  Barracks Reactor  
  96  7:51  Barracks Reactor  
  100  7:53  SCV x2  
  100  7:54  Factory, Refinery, SCV  
  100  7:57  Widow Mine x2  
  107  7:59  Supply Depot  
  107  8:05  Marine  
  104  8:06  SCV  
  104  8:09  Terran Infantry Armor Level 2, Terran Infantry Weapons Level 2  
  104  8:10  Marine x2  
  104  8:11  Marine x2  
  108  8:12  Medivac  
  108  8:14  SCV x2  
  108  8:17  Refinery  
  108  8:18  SCV  
  113  8:23  Marine  
  112  8:28  Marine, Command Center  
  112  8:29  Marine x2  
  114  8:35  Command Center  
  114  8:39  Factory Tech Lab, Widow Mine  
  114  8:40  Marine x4  
  120  8:44  Widow Mine, Medivac  
  124  8:54  Marine  
  116  8:57  Marine x3  
  116  9:00  Marine x3  
  116  9:01  Widow Mine x2, Medivac  
  116  9:02  Marine  
  125  9:08  Barracks x2  
  124  9:10  Barracks  
  124  9:13  Sensor Tower  
  124  9:14  Medivac  
  126  9:17  Marine x2  
  126  9:21  Marine x3  
  126  9:22  Marine  
  126  9:23  Widow Mine, Marine, Marauder  
  137  9:27  Liberator  
  137  9:28  Marine  
  138  9:31  Medivac  
  138  9:32  Widow Mine  
  131  9:39  Marine x3  
  131  9:41  Widow Mine  
  131  9:44  Marauder  
  134  9:46  Marine  
  134  9:48  Drilling Claws  
  134  9:49  Widow Mine, Marine x3  
  134  9:51  Marine  
  141  9:57  Marine  
  144  10:01  Orbital Command  
  144  10:02  Liberator  
  144  10:05  Widow Mine x2  
  144  10:06  Marauder, Barracks Tech Lab  
  150  10:07  Barracks Tech Lab x2  
  150  10:08  Marine x2  
  150  10:09  SCV x2  
  150  10:10  Marine  
  153  10:15  Marine x2, Concussive Shells  
  153  10:18  Widow Mine  
  160  10:24  Planetary Fortress  
  160  10:27  Widow Mine, Marauder  
  164  10:30  Widow Mine, Marine x2  
  164  10:31  Marine x2, Marauder  
  172  10:38  Supply Depot, SCV x2, Sensor Tower  
  172  10:41  Widow Mine  
  176  10:52  Marauder  
  176  10:55  Marine, Marauder  
  181  10:57  Marine, Marauder  
  181  10:59  Marauder  
  181  11:01  Widow Mine, Marine x2  
  181  11:02  Marine  
  185  11:06  Widow Mine  
  177  11:13  Marauder, Liberator  
  177  11:14  Widow Mine  
  177  11:16  Marauder  
  179  11:18  Marine x2  
  179  11:19  Marauder  
  179  11:21  Marauder  
  179  11:22  Widow Mine  
  179  11:24  Marine  
  168  11:25  Marine  
  168  11:27  Widow Mine  
  168  11:32  Marine x4  
  148  11:35  Marauder  
  148  11:36  Marine x2  
  148  11:37  Medivac  
  148  11:38  Marauder  
  153  11:40  Marauder  
  153  11:41  Marine x2  
  153  11:43  Marine  
  158  11:50  Marine x4  
  162  11:54  Marine  
  162  11:55  Widow Mine x2  
  162  11:56  Marauder  
  162  11:57  Marine  
  162  11:59  Marine x2  
  172  12:03  Orbital Command  
  172  12:04  Marauder  
  172  12:05  Marine  
  172  12:07  Medivac  
  177  12:13  Medivac  
  179  12:17  Marine x2, Marauder  
  179  12:18  Marauder x2  
  179  12:19  Marine x2  
  179  12:20  Liberator  
  189  12:26  Marine, Marauder  
  183  12:31  Widow Mine  
  183  12:36  Widow Mine  
  178  12:38  Marauder  
  178  12:39  Marauder, Marine  
  178  12:40  Marine x5  
  178  12:41  Marine  
  178  12:43  Medivac  
  182  12:51  Widow Mine  
  182  12:52  Marine  
  183  12:59  Marine x2, Marauder  
  183  13:03  Widow Mine  
  183  13:13  Medivac  
  183  13:17  Marauder  
  183  13:18  Widow Mine, Marine  
  165  13:20  Marine x4, Marauder, Medivac  
  165  13:23  Marine x2, Marauder  
  165  13:25  Widow Mine  
  169  13:28  Marauder  
  169  13:31  Widow Mine  
  169  13:32  Marine  
  152  13:36  Marine  
  152  13:38  Marine x4, Marauder, Unknown x3  
  152  13:39  Widow Mine  
  152  13:41  Marine x3  
  142  13:44  Marine  
  142  13:47  Widow Mine  
  149  13:49  Marine  
  149  13:50  Marine  
Tags
 
Add a new tag
Caveats
  • Supply blocks, unpowered buildings, or Contaminate may cause inaccurate times.
  • Supply counts are checked every 10 seconds.